 Dungeon Crawl Stone Soup version 0.32-a0-893-gf85d74f360 (webtiles) character file.

Game seed: 7882257535879077952

97 Ofeo the Vexing (level 4, 0/49 HPs)
             Began as a Coglin Hexslinger on Apr 3, 2024.
             Slain by a gnoll
             ... wielding a +2 flail of protection
              (7 damage)
             ... on level 2 of the Dungeon.
             The game lasted 00:01:27 (970 turns).

Ofeo the Vexing (Coglin Hexslinger)                  Turns: 970, Time: 00:01:27

Health: 0/49       AC: 22    Str:  9    XL:     4   Next: 68%
Magic:  6/6        EV:  2    Int: 12    God:
Gold:   60         SH:  0    Dex: 18    Spells: 6/6 levels left

rFire   . . .        a - +1 sling {Friedl}
rCold   . . .        d - -2 sling {Hwan}
rNeg    . . .        c - melded +0 robe
rPois   +            (helmet currently unavailable)
rElec   .            (cloak currently unavailable)
rCorr   .            (gloves currently unavailable)
SInv    .            (boots currently unavailable)
Will    +....        (no amulet)
Stlth   ++           (no ring)
HPRegen 0.28/turn    (no ring)
MPRegen 0.10/turn    (no gizmo)

%: no passive effects
@: tree-form, attractive, enlightened, revved
A: stationary, stasis, torment immunity, boosted hp, off-hand wielding, slow
wielding, warmup strikes, (no jewellery)
a: Invent Gizmo


You were on level 2 of the Dungeon.
You were a tree.
You visited 1 branch of the dungeon, and saw 2 of its levels.

You collected 60 gold pieces.

Inventory:

Hand Weapons
 a - a +1 sling (weapon) {Friedl}
 d - a -2 sling (offhand) {Hwan}
Armour
 c - a +0 robe (melded)
Scrolls
 f - 2 scrolls of brand weapon {unknown}
 g - a scroll of vulnerability {unknown}
 k - a scroll of teleportation {unknown}
Potions
 e - a potion of enlightenment
 j - a potion of attraction


   Skills:
 + Level 1.9 Fighting
 + Level 2.2 Ranged Weapons
 + Level 2.3 Dodging
 + Level 1.7 Spellcasting
 + Level 3.1 Hexes
 + Level 1.6 Fire Magic


You had 6 spell levels left.
You didn't know any spells.
Your spell library contained the following spells:

 Spells                   Type           Power      Damage    Failure   Level
 Jinxbite                 Hex            16%        N/A       12%         2
 Sigil of Binding         Hex            8%         N/A       22%         3
 Inner Flame              Hex/Fire       6%         N/A       30%         3
 Cause Fear               Hex            4%         N/A       58%         4
 Dimensional Bullseye     Hex/Tloc       2%         N/A       82%         4
 Animate Armour           Summ/Erth      2%         N/A       95%         4
 Summon Lightning Spire   Summ/Air       1%         N/A       95%         4
 Lee's Rapid Deconstruct  Erth           0%         3d4*      100%        5


Dungeon Overview and Level Annotations

Branches:
Dungeon (2/15)

Altars:
Okawaru


Innate Abilities, Weirdness & Mutations

You are a tree.
Your roots penetrate the ground, keeping you stationary.
You cannot be teleported.
You are immune to unholy pain and torment.
Your maximum health is greatly increased.
Your equipment is partially melded.
You can wield a second weapon in your off-hand.
It takes a long time for you to wield or remove held weapons.
Your first few attacks do less damage.
((You cannot equip rings or amulets.))


Message History

You shoot a sling bullet.
The sling bullet hits the gnoll but does no damage.
You shoot a sling bullet.
The sling bullet hits the gnoll but does no damage.
You shoot a sling bullet.
The sling bullet barely misses the gnoll.
The sling bullet barely misses the goblin.
The gnoll hits you with a +2 flail of protection!
* * * LOW HITPOINT WARNING * * *
The gnoll barely misses you.
You take 8 damage, and have 3/33 hp.
MASSIVE DAMAGE!!
It was a potion of curing.
You feel better.
A gnoll comes into view. It is wielding a +0 club.
The gnoll barely misses you. The gnoll is attracted toward you.
You regained 5 hp, and now have 8/33 hp.
It was a potion of lignification.
You turn into a tree.
Your +0 robe melds into your body.
Your roots penetrate the ground.
The gnoll hits you but does no damage.
You now have 13/49 hp.
You shoot a sling bullet.
The sling bullet closely misses the gnoll.
The sling bullet barely misses the goblin.
You shoot a sling bullet.
The sling bullet closely misses the gnoll.
The sling bullet barely misses the goblin.
The gnoll hits you but does no damage.
You shoot a sling bullet.
The sling bullet hits the gnoll but does no damage.
You shoot a sling bullet.
The sling bullet hits the gnoll but does no damage.
The gnoll hits you but does no damage.
You shoot a sling bullet. The sling bullet hits the gnoll.
The gnoll is moderately wounded.
You shoot a sling bullet.
The sling bullet hits the gnoll but does no damage.
The gnoll is moderately wounded.
The gnoll hits you with a +2 flail of protection!
* * * LOW HITPOINT WARNING * * *
The gnoll hits you with a +2 flail of protection!
You die...

## # # #g ...##.# #
#) #...... ...###)
#......
#.....)###.....#
#.)gg..# ###g##.#
#♣##.# #)##.##
#.#.#.## #..###.##
#.## ##.# #..###.##
#.#.#..##
#.##.†..##########
##....[............


You could see a gnoll and 2 goblins.

Vanquished Creatures
  Robin (D:2)
  An adder (D:2)
  A gnoll (D:2)
  A ribbon worm (D:2)
  A dart slug (D:1)
  3 ball pythons (D:2)
  7 endoplasms
  11 goblins
  4 hobgoblins
  3 jackals (D:1)
  4 quokkas (D:1)
  3 bats
  11 frilled lizards (D:1)
  3 kobolds
  5 rats
59 creatures vanquished.

Notes
Turn   | Place    | Note
-------+----------+-------------------------------------------
     0 | D:1      | Ofeo the Coglin Hexslinger began the quest for the Orb.
     0 | D:1      | Reached XP level 1. HP: 15/15 MP: 2/2
    64 | D:1      | Reached skill level 1 in Fire Magic
    71 | D:1      | Reached XP level 2. HP: 21/21 MP: 3/3
   249 | D:1      | Reached XP level 3. HP: 26/26 MP: 4/4
   345 | D:1      | Reached skill level 3 in Hexes
   660 | D:2      | Found an iron altar of Okawaru.
   940 | D:2      | Reached XP level 4. HP: 33/33 MP: 6/6
   943 | D:2      | Noticed Robin
   957 | D:2      | Killed Robin
   970 | D:2      | Slain by a gnoll

Illustrated notes

Levels and vault maps discovered:
D:1:      heliophobic_arrival_glass_houses, layout_rooms, minmay_lizard_king
D:2:      layout_loops_ring, basic_altar, uniq_natasha, uniq_robin, uniq_sigmund

Skill      XL: |  1  2  3 |
---------------+----------+-----
Fire Magic     | 1 |  1.6
Dodging        | 2 |  2.3
Ranged Weapons | 2 |  2.2
Hexes          | 3 |  3.1
Fighting       | |  1.9
Spellcasting   | |  1.7

Action                     |  1- 3 |  4- 6 || total
---------------------------+-------+-------++-------
   Fire: Sling             |   198 |    46 ||   244
    Use: Potion            |       |     5 ||     5
         Scroll            |       |     1 ||     1
 Armour: Robe              |    10 |    14 ||    24
         Skin              |       |     5 ||     5
  Dodge: Dodged            |     6 |    11 ||    17

Table legend: (Time is in decaauts)
 A = Elapsed time spent in this place.
 B = Non-inter-level travel time spent in this place.
 C = Inter-level travel time spent in this place.
 D = Time resting spent in this place.
 E = Time spent auto-exploring this place.
 F = Levels seen in this place.
 G = Mean time per level.
                   A        B        C        D        E       F      G
               +--------+--------+--------+--------+--------+-----+--------+
         Total |   1006 |    987 |     19 |      0 |    761 |   2 |  503.0 |
       Dungeon |   1006 |    987 |     19 |      0 |    761 |   2 |  503.0 |
               +--------+--------+--------+--------+--------+-----+--------+

Top non-repeatable levels by time:
     D:2: 513 daAuts
     D:1: 492 daAuts
